 Dungeon Crawl Stone Soup version 0.24.0-13-gcf9b319 (webtiles) character file.

Game seed: 448444442616978032, levelgen mode: deterministic

80797 curiousnu the Tortoise (level 15, -1/137 HPs)
             Began as a Minotaur Berserker on Nov 9, 2019.
             Was a High Priest of Trog.
             Killed from afar by a balrug (44 damage)
             ... with a fireball
             ... summoned by Asterion
             ... on level 2 of the Snake Pit on Nov 10, 2019.
             The game lasted 01:46:42 (19651 turns).

curiousnu the Tortoise (Minotaur Berserker)        Turns: 19651, Time: 01:46:44

Health: -1/137     AC: 29    Str: 32    XL:     15   Next: 24%
Magic:  23/23      EV:  8    Int:  9    God:    Trog [*****.]
Gold:   2254       SH: 11    Dex: 23    Spells: 14/14 levels left

rFire    . . .     SeeInvis +   u - +11 morningstar of Armageddon {crush, Int+2 Dex+7}
rCold    + . .     Gourm    .   X - +0 shield
rNeg     . . .     Faith    .   l - +6 plate armour {rC+}
rPois    +         Spirit   .   (helmet restricted)
rElec    .         Reflect  .   y - +0 cloak
rCorr    .         Harm     .   k - +0 pair of gloves
MR       +++..     Clarity  +   t - +0 pair of boots
Stlth    ..........             n - amulet of regeneration
HPRegen  1.12/turn              Z - ring "Beobb" {rPois MR+ MP+9 Dex+5}
MPRegen  0.18/turn              v - ring of Yblisi {Int+3 SInv}

@: mighty, lethally poisoned (-1 -> -1), liquid flames, berserk cooldown, very
slightly contaminated, slowed, glowing, very slow
A: retaliatory headbutt, horns 2, clarity, magic resistance 1, regeneration 1,
wild magic 1
a: Berserk, Trog's Hand, Brothers in Arms, Renounce Religion


You were on level 2 of the Snake Pit.
You worshipped Trog.
Trog was extremely pleased with you.
You were hungry.

You visited 5 branches of the dungeon, and saw 22 of its levels.
You also visited: Ossuary, Ice Cave and Volcano.

You collected 2351 gold pieces.
You spent 97 gold pieces at shops.

Inventory:

Hand Weapons
 u - the +11 morningstar of Armageddon (weapon) {crush, Int+2 Dex+7}
   (You found it on level 6 of the Lair of Beasts)

   It inflicts extra damage upon your enemies.
   It affects your intelligence (+2).
   It affects your dexterity (+7).
 x - the +7 glaive "Suatujit" {drain, Str+2}
   (You found it on level 5 of the Dungeon)

   A truly terrible weapon, it drains the life of those it strikes.
   It affects your strength (+2).
 U - a +4 antimagic war axe
 W - a +4 battleaxe of electrocution
Missiles
 g - 14 curare-tipped darts
 C - 9 boomerangs
 L - a silver javelin (quivered)
 O - 5 javelins
Armour
 k - a +0 pair of gloves (worn)
 l - a +6 plate armour of cold resistance (worn)
 t - a +0 pair of boots (worn)
 y - a +0 cloak (worn)
 X - a +0 shield (worn)
Jewellery
 n - an amulet of regeneration (around neck)
 v - the ring of Yblisi (right hand) {Int+3 SInv}
   (You found it in an ice cave)

   [ring of see invisible]

   It affects your intelligence (+3).
   It lets you see invisible.
 A - an uncursed ring of positive energy
 M - an uncursed amulet of the gourmand
 T - the ring of Iqiafoupsui {rElec rC++ MP+9 Dex-2 Stlth+}
   (You found it on level 11 of the Dungeon)

   [ring of magical power]

   It affects your dexterity (-2).
   It greatly protects you from cold.
   It insulates you from electricity.
   It affects your magic capacity (+9).
   It makes you more stealthy.
 Z - the ring "Beobb" (left hand) {rPois MR+ MP+9 Dex+5}
   (You found it in an ice cave)

   [ring of magical power]

   It affects your dexterity (+5).
   It protects you from poison.
   It affects your resistance to hostile enchantments.
   It affects your magic capacity (+9).
Wands
 e - a wand of paralysis (17)
 p - a wand of clouds (6)
 r - a wand of digging (4)
 B - a wand of polymorph (10)
 D - a wand of enslavement (11)
 E - a wand of disintegration (20)
 J - a wand of acid (12)
 N - a wand of iceblast (8)
Scrolls
 b - 2 scrolls of magic mapping
 d - a scroll of acquirement {unknown}
 f - a scroll of blinking
 i - 7 scrolls of remove curse
 j - 11 scrolls of teleportation
 o - 3 scrolls of fog
 q - 3 scrolls of identify
 z - 4 scrolls of enchant weapon
 H - 4 scrolls of immolation
 K - a scroll of enchant armour
Potions
 h - 10 potions of curing
 m - 5 potions of lignification
 s - 4 potions of haste
 F - 2 potions of berserk rage
 I - 4 potions of flight
 P - a potion of brilliance
 R - 2 potions of agility
 V - a potion of heal wounds
Miscellaneous
 a - 2 boxes of beasts
 w - a fan of gales
 Q - a phantom mirror
Comestibles
 c - 44 rations
 S - a chunk of flesh


   Skills:
 + Level 13.8 Fighting
 + Level 16.0(18.2) Axes
 + Level 3.2(11.2) Maces & Flails
 + Level 14.9(17.6) Polearms
 + Level 3.8 Throwing
 + Level 17.4 Armour
 - Level 2.1 Dodging
 * Level 3.0 Shields
 + Level 0.1 Evocations


You had 14 spell levels left.
You didn't know any spells.
Your spell library was empty.

Dungeon Overview and Level Annotations

Branches:
Dungeon (11/15)            Temple (0/1) D:4            Lair (6/6) D:8
  Swamp (0/4) Lair:2        Snake (2/4) Lair:4        Slime (0/5) Lair:6
    Orc (2/2) D:11            Elf (1/3) Orc:2       Ossuary (visited)
  IceCv (visited)         Volcano (visited)

Altars:
Ashenzari
Dithmenos
Makhleb
Sif Muna
Trog
Beogh
Jiyva

Shops:
D:8 (   Orc:1 *   Orc:2 :}?(   Snake:1 (

Annotations:
Lair:6 1 runed translucent door
Snake:1 4 transporters
Snake:2 Asterion


Innate Abilities, Weirdness & Mutations

You reflexively headbutt those who attack you in melee.
You have a pair of horns on your head.
You possess an exceptional clarity of mind.
You are resistant to hostile enchantments. (MR+)
Your natural rate of healing is unusually fast.
Your spells are a little harder to cast, but a little more powerful.


Message History

You are covered in liquid flames!
* * * LOW HITPOINT WARNING * * *
You feel sick.
You feel the effects of Trog's Hand fading.
You feel sick.
You feel yourself slow down.
You feel sick.
Your skin stops crawling.
You feel less resistant to hostile enchantments.
You feel sick.
Found an escape hatch in the floor.
You feel sick.
Found a potion of curing.
You feel sick. The balrug gestures at you.
The sticky flame hits you but does no damage.
You are covered in liquid flames!
The balrug gestures at you.
The fireball explodes!
The fireball engulfs you!!!
You die...

#.# #...... #.# #....# #......
#.# >. #.!..# #...... #2# #.##
#....# #...... #.#####..# #....#
.....##+ ##........## #....
###..## ......###..# #..# #.....
......# #..####..# ### #...#.
......# #.....2.@#. ...#...#.
......####HN####.#.## ##.#...#
.......H.....# #.#... ......##
.............# #[#..######.#.....
.............###.#.........#.....
...........))..#.#...............
..........)†...#.##..............
..........)).......).....)÷)#####
####......^..#.#.####).[..#.# #..


You could see Asterion, a nagaraja and a balrug.

Vanquished Creatures
  A nagaraja (Snake:2)
  Aizul (Snake:2)
  5 naga warriors (Snake:2)
  2 ice dragons (IceCv)
  Harold (D:10)
  A catoblepas (Lair:6)
  2 hydras
  3 anacondas
  Erolcha (Orc:1)
  A deep troll shaman (Lair:6)
  4 two-headed ogres
  A dancing weapon (Elf:1)
  A tengu warrior (D:9)
  6 death yaks (Lair:6)
  A shock serpent (Snake:1)
  Sonja (D:11)
  A sun demon (Volcano)
  4 naga sharpshooters
  A hell knight (Volcano)
  A salamander mystic (Snake:2)
  A lindwurm (Lair:6)
  2 oklob plants (Lair:1)
  8 orc sorcerers (Orc:2)
  2 deep elf magi
  A mana viper (Snake:2)
  2 salamanders (Snake:2)
  3 cyclopes
  7 naga magi
  7 black mambas
  4 elephants (Lair:6)
  2 guardian serpents (Snake:2)
  2 ice statues (IceCv)
  2 molten gargoyles (Volcano)
  9 spiny frogs
  A gargoyle (D:9)
  2 rime drakes (IceCv)
  10 komodo dragons
  A tengu conjurer (D:9)
  2 trolls
  3 polar bears
  2 red devils (Volcano)
  A hornet (D:11)
  Prince Ribbit (D:8)
  Grinder (D:5)
  12 dream sheep
  9 hippogriffs
  16 blink frogs
  32 yaks
  3 wyverns
  3 wraiths (D:10)
  2 fire bats (Volcano)
  4 basilisks
  A steam dragon (D:9)
  3 hungry ghosts
  7 wargs
  15 nagas
  2 acid dragons
  9 porcupines
  2 hell hounds (Volcano)
  23 water moccasins
  16 orc warriors
  2 sky beasts
  2 black bears
  18 ice beasts
  9 ogres
  A necrophage (D:7)
  9 wolves
  3 centaurs
  11 crocodiles
  14 bullfrogs
  2 water moccasin zombies (Ossuary)
  4 scorpions
  7 killer bees
  6 wights
  6 howler monkeys
  An electric eel (Lair:5)
  6 crimson imps
  A quasit (D:11)
  2 centaur zombies
  7 lava snakes (Volcano)
  5 hounds
  3 jellies
  13 orc priests
  5 iguanas
  36 orc wizards
  Ijyb (D:4)
  Natasha (thrice) (D:3)
  10 worker ants
  A killer bee zombie (D:8)
  3 big kobold zombies (Ossuary)
  A hound zombie (D:8)
  3 hound skeletons
  2 mummies (Ossuary)
  7 gnolls
  10 adders
  2 shadow imps
  2 oozes (D:2)
  4 adder zombies
  An adder skeleton (D:7)
  2 worms
  3 dart slugs
  4 leopard geckos
  109 orcs
  A ball python (D:1)
  2 giant cockroaches
  3 gnoll zombies (Ossuary)
  6 goblins
  8 hobgoblins
  18 jackals
  3 quokkas
  3 bats
  5 frilled lizards
  4 hobgoblin zombies (Ossuary)
  2 jackal skeletons (D:6)
  2 kobolds
  A kobold zombie (Ossuary)
  3 orc zombies (Ossuary)
  A quokka skeleton (D:9)
  5 rats (D:1)
  3 fungi
  8 plants
693 creatures vanquished.

Vanquished Creatures (collateral kills)
  A naga warrior (Snake:2)
  2 anacondas (Snake:2)
  A salamander (Snake:2)
  A naga mage (Snake:2)
  2 nagas (Snake:2)
7 creatures vanquished.

Vanquished Creatures (others)
  A shadow (D:9)
  4 fungi
5 creatures vanquished.

Grand Total: 705 creatures vanquished

Notes
Turn   | Place    | Note
-------+----------+-------------------------------------------
     0 | D:1      | curiousnu the Minotaur Berserker began the quest for the
                  | Orb.
     0 | D:1      | Reached XP level 1. HP: 19/19 MP: 0/0
   176 | D:1      | Reached XP level 2. HP: 26/27 MP: 1/1
   734 | D:2      | Reached XP level 3. HP: 28/33 MP: 2/2
   854 | D:2      | Reached ** piety under Trog
  1106 | D:2      | Reached skill level 5 in Axes
  1709 | D:3      | Reached XP level 4. HP: 31/41 MP: 3/3
  1924 | D:3      | Noticed Natasha
  1927 | D:3      | Killed Natasha
  2085 | D:3      | Found a shattered altar of Ashenzari.
  2142 | D:3      | Noticed Natasha
  2148 | D:3      | Killed Natasha
  2239 | D:3      | Reached XP level 5. HP: 47/47 MP: 4/4
  2431 | D:3      | Noticed Natasha
  2436 | D:3      | Killed Natasha
  2436 | D:3      | Reached skill level 5 in Fighting
  2436 | D:3      | Reached skill level 3 in Armour
  2852 | D:4      | Noticed an ogre
  2860 | D:4      | Killed an ogre
  2860 | D:4      | Reached XP level 6. HP: 35/56 MP: 5/5
  3165 | D:4      | Noticed Ijyb
  3175 | D:4      | Killed Ijyb
  3205 | D:4      | Reached *** piety under Trog
  3330 | D:4      | Found a staircase to the Ecumenical Temple.
  3558 | D:5      | Entered Level 5 of the Dungeon
  3633 | D:5      | Reached skill level 1 in Throwing
  3638 | D:5      | Reached XP level 7. HP: 62/62 MP: 6/6
  3644 | D:5      | Reached skill level 4 in Armour
  3649 | D:5      | Noticed Grinder
  3661 | D:5      | Killed Grinder
  4066 | D:5      | Reached XP level 8. HP: 70/71 MP: 7/7
  4073 | D:5      | Got a bone glaive
  4074 | D:5      | Identified the +7 glaive "Suatujit" {drain, Str+2} (You
                  | found it on level 5 of the Dungeon)
  4242 | D:6      | Reached skill level 5 in Armour
  4601 | D:6      | Reached skill level 1 in Polearms
  4608 | D:6      | Received a gift from Trog
  4610 | D:6      | Reached skill level 6 in Armour
  5019 | D:7      | Noticed a hippogriff
  5027 | D:7      | Killed a hippogriff
  5055 | D:7      | Found a sand-covered staircase.
  5065 | Ossuary  | Entered an ossuary
  5095 | Ossuary  | Reached **** piety under Trog
  5135 | Ossuary  | Reached XP level 9. HP: 79/79 MP: 8/8
  5157 | Ossuary  | Reached skill level 7 in Armour
  5248 | D:7      | Reached skill level 5 in Polearms
  6290 | D:8      | Noticed Prince Ribbit
  6302 | D:8      | Killed Prince Ribbit
  6302 | D:8      | Reached skill level 8 in Armour
  6370 | D:8      | Found Asarebla's Antique Weapon Boutique.
  6374 | D:8      | Got a pitted jade ring
  6475 | D:8      | Noticed a two-headed ogre
  6482 | D:8      | Killed a two-headed ogre
  6482 | D:8      | Reached XP level 10. HP: 77/89 MP: 9/9
  6546 | D:8      | Found a shadowy altar of Dithmenos.
  6577 | D:8      | Reached ***** piety under Trog
  6594 | D:8      | Reached skill level 9 in Armour
  6615 | D:8      | Noticed a two-headed ogre
  6640 | D:8      | Killed a two-headed ogre
  6717 | D:8      | Reached skill level 10 in Polearms
  6919 | D:8      | Found a staircase to the Lair.
  6958 | Lair:1   | Entered Level 1 of the Lair of Beasts
  7021 | Lair:1   | Reached skill level 10 in Armour
  7051 | Lair:1   | Received a gift from Trog
  7214 | Lair:1   | Identified the cursed ring of Methoid {EV-5 Stlth+} (You
                  | found it on level 8 of the Dungeon)
  7325 | Lair:1   | Noticed a black mamba
  7329 | Lair:1   | Killed a black mamba
  7408 | Lair:1   | Noticed an oklob plant
  7656 | Lair:1   | Noticed a spiny frog
  7661 | Lair:1   | Killed a spiny frog
  7728 | Lair:1   | Noticed an oklob plant
  7807 | Lair:1   | Killed an oklob plant
  7807 | Lair:1   | Reached XP level 11. HP: 48/97 MP: 10/10
  7908 | Lair:1   | Killed an oklob plant
  7982 | Lair:2   | Found a staircase to the Swamp.
  8096 | Lair:1   | Reached skill level 11 in Armour
  8540 | Lair:2   | Received a gift from Trog
  8548 | Lair:2   | Reached skill level 10 in Fighting
  8548 | Lair:2   | Reached skill level 12 in Armour
  9552 | D:9      | Found a runed translucent door.
  9597 | D:9      | Reached XP level 12. HP: 53/107 MP: 11/11
  9616 | D:9      | Identified The Arcane Arts, Part Six
  9669 | D:9      | Found a runed translucent door.
  9669 | D:9      | Noticed a tengu warrior
  9680 | D:9      | Received a gift from Trog
  9680 | D:9      | Reached skill level 13 in Armour
  9685 | D:9      | Killed a tengu warrior
  9853 | D:9      | Gained mutation: Your spells are a little harder to cast,
                  | but a little more powerful. [potion of mutation]
  9853 | D:9      | Gained mutation: You have large cloven feet. [potion of
                  | mutation]
  9930 | D:10     | Entered Level 10 of the Dungeon
  9982 | D:10     | Noticed a two-headed ogre
  9991 | D:10     | Killed a two-headed ogre
 10091 | D:10     | Noticed Harold
 10109 | D:10     | Killed Harold
 10225 | D:10     | Noticed a two-headed ogre
 10236 | D:10     | Killed a two-headed ogre
 10943 | D:11     | Reached skill level 14 in Armour
 11001 | D:11     | Received a gift from Trog
 11051 | D:11     | Noticed Sonja
 11068 | D:11     | Killed Sonja
 11281 | D:11     | Got a heavily runed steel ring
 11698 | D:11     | Found a staircase to the Orcish Mines.
 11712 | D:11     | Received a gift from Trog
 11940 | Orc:1    | Entered Level 1 of the Orcish Mines
 12111 | Orc:2    | Entered Level 2 of the Orcish Mines
 12332 | Orc:2    | Received a gift from Trog
 12487 | Orc:2    | Found Zaenalukk's Magic Scroll Shop.
 12490 | Orc:2    | Reached skill level 10 in Axes
 12494 | Orc:2    | Reached XP level 13. HP: 76/116 MP: 12/12
 12554 | Orc:2    | Bought a scroll of enchant armour for 97 gold pieces
 12558 | Orc:2    | Found Qivoixu's Weapon Shoppe.
 12590 | Orc:2    | Found a roughly hewn altar of Beogh.
 12780 | Orc:2    | Found Jaff's Book Shop.
 12811 | Orc:2    | Found Roli's Gadget Shoppe.
 12816 | Orc:2    | Received a gift from Trog
 12874 | Orc:2    | Found a shimmering blue altar of Sif Muna.
 12955 | Orc:2    | Reached ****** piety under Trog
 13018 | Orc:2    | Found a staircase to the Elven Halls.
 13169 | Orc:1    | Noticed Erolcha
 13182 | Orc:1    | Killed Erolcha
 13188 | Orc:1    | Found Neucuc's General Store.
 13237 | Orc:1    | Found a burning altar of Makhleb.
 13303 | Elf:1    | Entered Level 1 of the Elven Halls
 13328 | Orc:2    | Reached skill level 15 in Armour
 13637 | D:11     | Identified the ring of Iqiafoupsui {rElec rC++ MP+9 Dex-2
                  | Stlth+} (You found it on level 11 of the Dungeon)
 14189 | Lair:3   | Received a gift from Trog
 14909 | Lair:4   | Found a staircase to the Snake Pit.
 16182 | Lair:6   | Entered Level 6 of the Lair of Beasts
 16182 | Lair:6   | Found a bloodstained altar of Trog.
 16234 | Lair:6   | Reached XP level 14. HP: 127/127 MP: 13/13
 16238 | Lair:6   | Reached skill level 16 in Armour
 16273 | Lair:6   | Found a frozen archway.
 16283 | IceCv    | Entered an ice cave
 16289 | IceCv    | Received a gift from Trog
 16513 | IceCv    | Got a slimy jade ring
 16550 | IceCv    | Got a flickering brass ring
 16560 | IceCv    | Identified the ring of Yblisi {Int+3 SInv} (You found it in
                  | an ice cave)
 16562 | IceCv    | Identified the ring "Beobb" {rPois MR+ MP+9 Dex+5} (You
                  | found it in an ice cave)
 16664 | Lair:6   | Found a dark tunnel.
 16674 | Volcano  | Entered a volcano
 16950 | Volcano  | Found a bloodstained altar of Trog.
 17284 | Lair:6   | Lost mutation: You have large cloven feet. [potion of
                  | mutation]
 17284 | Lair:6   | Lost mutation: Your spells are a little harder to cast, but
                  | a little more powerful. [potion of mutation]
 17284 | Lair:6   | Gained mutation: Your spells are a little easier to cast,
                  | but a little less powerful. [potion of mutation]
 17284 | Lair:6   | Gained mutation: You are robust. (+10% HP) [potion of
                  | mutation]
 17285 | Lair:6   | Lost mutation: Your spells are a little easier to cast, but
                  | a little less powerful. [potion of mutation]
 17285 | Lair:6   | Lost mutation: You are robust. (+10% HP) [potion of
                  | mutation]
 17285 | Lair:6   | Gained mutation: Your natural rate of healing is unusually
                  | fast. [potion of mutation]
 17285 | Lair:6   | Gained mutation: You possess an exceptional clarity of
                  | mind. [potion of mutation]
 17285 | Lair:6   | Gained mutation: Your spells are a little harder to cast,
                  | but a little more powerful. [potion of mutation]
 17285 | Lair:6   | Gained mutation: You are resistant to hostile enchantments.
                  | (MR+) [potion of mutation]
 17502 | Lair:6   | Got an iridescent morningstar
 17505 | Lair:6   | Got an encrusted halberd
 17510 | Lair:6   | Identified the +11 halberd "Idufis" {chop, Int-5 Dex+5}
                  | (You found it on level 6 of the Lair of Beasts)
 17512 | Lair:6   | Identified the +11 morningstar of Armageddon {crush, Int+2
                  | Dex+7} (You found it on level 6 of the Lair of Beasts)
 17776 | Lair:6   | Found a runed translucent door.
 17776 | Lair:6   | Found a viscous altar of Jiyva.
 17777 | Lair:6   | Noticed an acid blob
 17780 | Lair:6   | Found a staircase to the Slime Pits.
 17780 | Lair:6   | Noticed an acid blob
 18082 | Snake:1  | Entered Level 1 of the Snake Pit
 18093 | Snake:1  | Found Perorgh's Weapon Boutique.
 18162 | Snake:1  | Reached skill level 15 in Axes
 18354 | Snake:1  | Reached skill level 17 in Armour
 18872 | Snake:1  | Found a transporter.
 18905 | Snake:1  | Found a transporter.
 18938 | Snake:1  | Found a transporter.
 18938 | Snake:1  | Found a transporter.
 19302 | Snake:2  | Reached XP level 15. HP: 136/136 MP: 13/14
 19490 | Snake:2  | Reached skill level 1 in Shields
 19505 | Snake:2  | Reached skill level 1 in Maces & Flails
 19593 | Snake:2  | Noticed a nagaraja
 19593 | Snake:2  | Noticed a nagaraja
 19595 | Snake:2  | Noticed Asterion
 19597 | Snake:2  | Noticed Aizul
 19621 | Snake:2  | Killed a nagaraja
 19631 | Snake:2  | Killed Aizul
 19651 | Snake:2  | Killed from afar by a balrug

Levels and vault maps discovered:
D:1:      onia_arrival_mini_maze_b, layout_rooms, hangedman_feature_mirror,
          minmay_misc_feat_tiny, minmay_pentomino_p4
D:2:      layout_rooms, minmay_liquid_box, glass_columns_b,
          serial_bayou_crossing
D:3:      layout_loops_ring, evilmike_ruin_ashenzari, uniq_natasha
D:4:      layout_cave_pods, minmay_temple_entry_trees, sigmund_army, uniq_ijyb
D:5:      layout_rooms, first_ration, nicolae_zen_rock_garden, uniq_grinder
D:6:      layout_basic, minmay_manual_mail
D:7:      layout_basic, nicolae_ossuary_entry_plus, grunt_ogre_cave
D:8:      layout_loops_ring, nicolae_dithmenos_shadow_blocks, erik_lair_dragon,
          serial_shops, shop_fountains, st_stairs_10, uniq_prince_ribbit1
D:9:      minmay_the_grid_triangle_9x9_rhombus_thin
          [minmay_the_grid_triangle_9x9_steps,
          minmay_the_grid_triangle_9x9_prize_center,
          minmay_the_grid_triangle_9x9_cache,
          minmay_the_grid_triangle_9x9_tough_junction], layout_cave_pools
D:10:     layout_basic, serial_glass, glass_columns_c, glass_columns_a,
          uniq_harold
D:11:     layout_irregular_city, hiddenorc2_lemuel, lightli_orcish_oven,
          uniq_sonja
Lair:1:   dpeg_oklob_gauntlet, layout_regular_city
Lair:2:   layout_cave_shapes, minmay_swamp_entry_reptiles
Lair:3:   layout_cave_shapes, serial_bayou_shore_b
Lair:4:   layout_regular_city, minmay_snake_entry_six_corridors,
          lemuel_fruit_tree
Lair:5:   layout_roguey, chequers_serial_rivers_room_a,
          infiniplex_staircase_pool, serial_bayou_shore_a
Lair:6:   grunt_lair_end_beastmaster, layout_small_grid, slime_altar_2,
          portal_ice_cave_entry_pillars_1, nicolae_volcano_entry_lava_flow,
          basic_altar
Snake:1:  gammafunk_the_bubble [the_bubble_gammafunk_roulette],
          layout_grid_maze, serial_shops, shop
Snake:2:  layout_basic, serial_shops, nicolae_shop_behind_doors, uniq_aizul,
          uniq_asterion
Orc:1:    layout_diamond_mine, serial_shops, shop, basic_altar, uniq_erolcha
Orc:2:    st_orc_town, layout_diamond_mine, led_sif_book
Elf:1:    hangedman_staggered_hall, layout_onion_city, basic_altar,
          minmay_elf_sorcery

Skill      XL: |  1  2  3  4  5  6  7  8  9 10 11 12 13 14 15 |
---------------+----------------------------------------------+-----
Axes           | 4 5 6 7 9 10 13 15 16 | 16.0
Fighting       | 4 5 6 7 8 9 10 11 12 13 | 13.8
Armour         | 3 4 6 8 10 12 14 15 17 | 17.4
Throwing       | 1 2 3 |  3.8
Polearms       | 4 8 11 13 14 | 14.9
Shields        | 3 |  3.0
Maces & Flails | 3 |  3.2
Dodging        | |  2.1
Evocations     | |  0.1

Action                   |  1- 3 |  4- 6 |  7- 9 | 10-12 | 13-15 || total
-------------------------+-------+-------+-------+-------+-------++-------
Melee: Hand axe          |    75 |   132 |    45 |       |       ||   252
       Headbutt          |     9 |    22 |    38 |   102 |   121 ||   292
       Glaive            |       |       |   148 |   536 |       ||   684
       Battleaxe         |       |       |       |    40 |   541 ||   581
       Unarmed           |       |       |       |     2 |       ||     2
       Morningstar       |       |       |       |       |    65 ||    65
Throw: Dart              |       |    12 |       |     7 |       ||    19
       Javelin           |       |       |     1 |    30 |    13 ||    44
       Boomerang         |       |       |       |       |     5 ||     5
Invok: Berserk           |       |     2 |     1 |     6 |     6 ||    15
       Trog's Hand       |       |       |     2 |     8 |    14 ||    24
       Brothers in Arms  |       |       |       |       |     1 ||     1
Evoke: Box of beasts     |       |       |       |       |     3 ||     3
  Use: Scroll            |       |     2 |     8 |    12 |    10 ||    32
       Potion            |       |       |       |     2 |     6 ||     8
 Stab: Sleeping          |     2 |       |       |       |       ||     2
       Petrifying        |       |       |       |       |     1 ||     1
       Distracted        |       |       |       |       |     1 ||     1
  Eat: Chunk             |     1 |     8 |    10 |    21 |    21 ||    61
       Ration            |       |       |     1 |     3 |     4 ||     8
Armor: Animal skin       |    15 |       |       |       |       ||    15
       Plate armour      |       |    76 |   151 |   430 |   455 ||  1112
Dodge: Dodged            |    51 |    47 |    98 |   282 |   263 ||   741
Block: Shield            |       |       |       |       |    42 ||    42
